 Dungeon Crawl Stone Soup version 0.18-a0-19-g8b99b3a (webtiles) character file.

64 Duffy the Stinger (level 4, 38/38 HPs)
             Began as a Naga Venom Mage on Nov 1, 2015.
             Quit the game on level 2 of the Dungeon.
             The game lasted 00:02:28 (2113 turns).

Duffy the Stinger (Naga Venom Mage)                 Turns: 2113, Time: 00:02:28

Health: 38/38      AC:  3    Str: 10    XL:     4   Next: 12%
Magic:  7/7        EV: 10    Int: 16    God:
Gold:   73         SH:  0    Dex: 12    Spells: 3 memorised, 2 levels left

rFire  . . .     SeeInvis +     s - -3 war axe (curse)
rCold  + . .     Clarity  .     q - +1 robe {rC+}
rNeg   . . .     SustAt   .     (no shield)
rPois  +         Gourm    .     (no helmet)
rElec  .         Spirit   .     (no cloak)
rCorr  .         Warding  .     (no gloves)
rMut   .         Stasis   .     (no barding)
MR     .....                    (no amulet)
Stlth  ++........               (no ring)
                                (no ring)

@: very slow, not resistant to hostile enchantments, unstealthy
A: see invisible, deformed body, poison resistance, slowness 2, slow metabolism
1, spit poison 2, AC +1
a: Spit Poison


You were on level 2 of the Dungeon.
You were not hungry.

You visited 1 branch of the dungeon, and saw 2 of its levels.

You collected 73 gold pieces.


Innate Abilities, Weirdness & Mutations

You cannot wear boots.
Your serpentine skin is tough (AC +1).
You have supernaturally acute eyesight.
Armour fits poorly on your strangely shaped body.
Your system is resistant to poisons.
You cover ground very slowly.
You have a slow metabolism.
You can spit poison.


   Skills:
 + Level 1.3 Fighting
 + Level 1.7 Staves
 - Level 1.5 Dodging
 - Level 3.0 Stealth
 - Level 2.5 Spellcasting
 - Level 6.0 Poison Magic


You had 2 spell levels left.
You knew the following spells:

 Your Spells              Type           Power        Failure   Level  Hunger
a - Sting                 Conj/Pois      ##..         8%          1    #......
c - Mephitic Cloud        Conj/Pois/Air  #.......     28%         3    ###....
e - Cure Poison           Pois           ###.......   2%          2    ##.....

Inventory:

Hand Weapons
 p - a +0 quarterstaff
 s - a cursed -3 war axe (weapon)
Missiles
 g - 9 stones (quivered)
 i - a throwing net
Armour
 q - a +1 robe of cold resistance (worn)
Jewellery
 j - an uncursed ring of fire
Scrolls
 e - 2 scrolls of teleportation
 h - 2 scrolls of identify {unknown}
 k - a scroll of random uselessness {unknown}
 o - a scroll of remove curse {unknown}
Potions
 a - a potion of lignification {unknown}
 l - a potion of mutation {unknown}
 n - a potion of cancellation {unknown}
Books
 b - a Young Poisoner's Handbook
Comestibles
 c - 3 bread rations
 d - a beef jerky
 f - a meat ration
 m - 2 fruits
 r - 3 chunks of flesh

Dungeon Overview and Level Annotations

Branches:
Dungeon (2/15)

Altars:


Message History

Press: ? - help, Shift-Dir - straight line, f/p - worm
Aim: a worm (heavily wounded)
The sting hits the worm.
The worm is poisoned.
The worm is severely wounded.
Cast which spell? (? or * to list)
Aiming: Sting
Press: ? - help, Shift-Dir - straight line, f/p - worm
Aim: a worm (heavily wounded, poisoned)
The sting hits the worm.
The worm looks even sicker.
The worm is severely wounded.
Cast which spell? (? or * to list)
Aiming: Sting
Press: ? - help, Shift-Dir - straight line, f/p - worm
Aim: a worm (severely wounded, poisoned)
The sting hits the worm.
The worm looks even sicker.
The worm is almost dead.
Cast which spell? (? or * to list)
Aiming: Sting
Press: ? - help, Shift-Dir - straight line, f/p - worm
Aim: a worm (almost dead, poisoned)
The sting hits the worm.
The worm looks even sicker.
You kill the worm!
You have got your breath back.
You see here a worm corpse.
You butcher the worm corpse.
r - 3 chunks of flesh You open the door.
Found a glowing war axe.
There is an open door here.
You see here a glowing war axe.
s - a glowing war axe Wield which item (- for none, * to show all)? (? for menu, Esc to quit)
It sticks to your hand!
s - a cursed -3 war axe (weapon)
Are you sure you want to abandon this character and quit the game? (Confirm with "yes".)

.....# ####.# #.#
####.### ######
#......# #....#
#......# #....#
#......# #....####
#......# #........
#......# #@...#
####.### #....# #.#
##'### # #.# #.#
####.# #.# .....# #.#
###### #.# .# #.#
.################.###


There were no monsters in sight!

Action                   |  1- 3 |  4- 6 || total
-------------------------+-------+-------++-------
Melee: Quarterstaff      |    15 |       ||    15
 Cast: Sting             |    52 |    11 ||    63
 Abil: Spit Poison       |     8 |     1 ||     9
  Use: Scroll            |     1 |       ||     1
  Eat: Chunk             |     3 |     1 ||     4

Notes
Turn   | Place    | Note
--------------------------------------------------------------
     0 | D:1      | Duffy the Naga Venom Mage began the quest for the Orb.
     0 | D:1      | Reached XP level 1. HP: 15/15 MP: 3/3
   432 | D:1      | Reached XP level 2. HP: 22/22 MP: 3/5
   592 | D:1      | Reached skill level 6 in Poison Magic
   629 | D:1      | Learned a level 2 spell: Cure Poison
  1375 | D:2      | Reached XP level 3. HP: 28/28 MP: 3/6
  1400 | D:2      | Learned a level 3 spell: Mephitic Cloud
  1761 | D:2      | Noticed Jessica
  1764 | D:2      | Killed Jessica
  1764 | D:2      | Reached skill level 1 in Fighting
  1764 | D:2      | Reached skill level 1 in Staves
  1807 | D:2      | Reached XP level 4. HP: 35/38 MP: 3/7
  2113 | D:2      | Quit the game

Vault maps used:
D:1:      minmay_arrival_split_and_join
D:2:      nrook_mini_vaults, minivault_14, grunt_decor_one_mirror, uniq_robin,
          uniq_jessica

Vanquished Creatures
  Jessica
  A worm
  2 bats
  3 giant cockroaches
  4 hobgoblins
  3 jackals
  6 kobolds
  A quokka
  A ball python
  2 giant newts
  3 goblins
  9 rats
36 creatures vanquished.
